 Dungeon Crawl Stone Soup version 0.30-a0-234-g97d66968fd (webtiles) character file.

Game seed: 17731422684801401312

825 Ijustatesigmund the Trooper (level 7, -2/48 HPs)
             Began as a Gargoyle Fighter on Oct 10, 2022.
             Was an Initiate of Cheibriados.
             Slain by an ogre
             ... wielding a +0 giant spiked club
              (14 damage)
             ... on level 6 of the Dungeon.
             The game lasted 00:06:29 (5330 turns).

Ijustatesigmund the Trooper (Gargoyle Fighter)      Turns: 5330, Time: 00:06:30

Health: -2/48      AC: 17    Str: 22    XL:     7   Next: 96%
Magic:  7/7        EV:  9    Int: 10    God:    Cheibriados [......]
Gold:   260        SH:  4    Dex: 10    Spells: 6/6 levels left

rFire   . . .      SeeInvis .    a - +0 morningstar
rCold   . . .      Faith    .    c - +0 buckler
rNeg    + . .      Spirit   .    b - +0 scale mail
rPois   ∞          Reflect  .    m - +0 helmet
rElec   +          Harm     .    n - +2 cloak
rCorr   +          Rampage  .    (no gloves)
Will    .....                    p - +0 pair of boots
Stlth   ..........               (no amulet)
HPRegen 0.28/turn                e - ring of resist corrosion
MPRegen 0.10/turn                (no ring)

@: invisible, very slow
A: sickness immunity, AC +4, negative energy resistance 1, electricity
resistance, torment resistance 1, petrification resistance
a: Renounce Religion


You were on level 6 of the Dungeon.
You worshipped Cheibriados.
Cheibriados was noncommittal.
You visited 2 branches of the dungeon, and saw 7 of its levels.

You collected 260 gold pieces.

Inventory:

Hand Weapons
 a - a +0 morningstar (weapon)
Missiles
 u - a throwing net (quivered)
Armour
 b - a +0 scale mail (worn)
 c - a +0 buckler (worn)
 m - a +0 helmet (worn)
 n - a +2 cloak (worn)
 p - a +0 pair of boots (worn)
Jewellery
 e - a ring of resist corrosion (left hand)
 r - a ring of fire
Wands
 t - a wand of polymorph (5)
Scrolls
 g - a scroll of magic mapping
 l - 2 scrolls of immolation
 s - a scroll of amnesia
 v - 3 scrolls of teleportation
 w - a scroll of fog {unknown}
Potions
 d - 4 potions of might
 f - a potion of ambrosia
 h - a potion of haste
 i - a potion of invisibility
 j - 2 potions of degeneration {unknown}
 k - 5 potions of curing
 q - a potion of attraction {unknown}


   Skills:
 + Level 7.3 Fighting
 + Level 6.2 Maces & Flails
 + Level 3.7 Armour
 - Level 3.2 Shields
 + Level 0.0 Invocations


You had 6 spell levels left.
You didn't know any spells.
Your spell library contained the following spells:

 Spells                   Type           Power      Damage    Failure   Level
 Apportation              Tloc           0%         N/A       78%         1
 Call Canine Familiar     Summ           0%         N/A       98%         3
 Portal Projectile        Hex/Tloc       0%         N/A       98%         3
 Tukima's Dance           Hex            0%         N/A       98%         3
 Leda's Liquefaction      Hex/Erth       0%         N/A       100%        4
 Passage of Golubria      Tloc           0%         N/A       100%        4
 Alistair's Intoxication  Tmut/Pois      0%         N/A       100%        5
 Yara's Violent Unravell  Hex/Tmut       0%         3d3       100%        5


Dungeon Overview and Level Annotations

Branches:
Dungeon (6/15)             Temple (1/1) D:5

Altars:
Cheibriados
Dithmenos
Elyvilon
Fedhas
Gozag
Hepliaklqana
Kikubaaqudgha
Makhleb
Nemelex Xobeh
Okawaru
Qazlal
Ru
Sif Muna
Trog
Uskayaw
Vehumet
Wu Jian
Xom
Yredelemnul
Zin
The Shining One

Annotations:
D:4 3 runed translucent doors, Tyrantos's ghost, amateur DrBr


Innate Abilities, Weirdness & Mutations

You are immune to sickness and miasma.
Your stone body is resilient. (AC +4)
You are immune to poison.
You resist negative energy. (rN+)
You are resistant to electric shocks. (rElec)
You are resistant to unholy torment.
You are immune to petrification.


Message History

You now have 260 gold pieces (gained 6).
An ogre comes into view. It is wielding a +0 giant spiked club.
The ogre shouts!
An ufetubus comes into view.
The ufetubus shouts!
The ogre barely misses you. You block the ufetubus's attack.
The ufetubus barely misses you.
You hit the ogre but do no damage.
The ufetubus hits you but does no damage.
The ufetubus closely misses you.
The ogre hits you with a +0 giant spiked club!!
The ufetubus hits you but does no damage. x2
You sock the ogre!
The ogre is moderately wounded.
You block the ufetubus's attack.
The ufetubus hits you but does no damage. x3
The ogre barely misses you.
You barely miss the ogre.
The ogre is moderately wounded.
The ufetubus hits you.
The ufetubus hits you but does no damage.
You completely miss the ogre.
The ogre is moderately wounded.
The ufetubus closely misses you. The ufetubus barely misses you.
The ogre hits you with a +0 giant spiked club!!
* * * LOW HITPOINT WARNING * * *
The ufetubus closely misses you. The ufetubus hits you.
* * * LOW HITPOINT WARNING * * *
Okay, then.
Okay, then.
You feel better.
The ufetubus hits you but does no damage. x2
The ogre barely misses you. The ufetubus hits you.
* * * LOW HITPOINT WARNING * * *
The ufetubus barely misses you.
You fade into invisibility!
You block the ufetubus's attack.
The ufetubus hits you but does no damage.
The ogre hits you with a +0 giant spiked club!
You die...

..##### .....#
.....# .....#
#....# +....+
#O5..# . +@...#
... #######....#
.....#<......#.##
..............#.#
.....########## #
.... ... .. .


You could see an ogre (unable to see you) and an ufetubus (unable to see you).

Vanquished Creatures
  A centaur (D:5)
  A phantom (D:4)
  A necrophage (D:5)
  A gnoll sergeant (D:3)
  A scorpion (D:5)
  A howler monkey (D:4)
  Crazy Yiuf (D:2)
  4 hounds
  An iguana (D:5)
  Jessica (D:2)
  11 gnolls
  7 adders
  2 worms
  2 dart slugs (D:3)
  9 orcs
  6 ball pythons
  10 endoplasms
  2 giant cockroaches
  5 goblins
  5 hobgoblins
  3 jackals (D:2)
  4 quokkas
  5 bats
  A frilled lizard (D:3)
  A kobold (D:3)
  2 rats
88 creatures vanquished.

Notes
Turn   | Place    | Note
-------+----------+-------------------------------------------
     0 | D:1      | Ijustatesigmund the Gargoyle Fighter began the quest for
                  | the Orb.
     0 | D:1      | Reached XP level 1. HP: 14/14 MP: 1/1
   307 | D:1      | Reached XP level 2. HP: 16/19 MP: 2/2
  1064 | D:2      | Reached XP level 3. HP: 21/24 MP: 3/3
  1163 | D:2      | Noticed Jessica
  1174 | D:2      | Killed Jessica
  1175 | D:2      | Reached skill level 4 in Fighting
  1542 | D:2      | Found a runed translucent door.
  1543 | D:2      | Noticed Crazy Yiuf
  1552 | D:2      | Killed Crazy Yiuf
  1553 | D:2      | Reached XP level 4. HP: 21/30 MP: 4/4
  1893 | D:3      | Reached XP level 5. HP: 34/34 MP: 5/5
  2339 | D:3      | Reached skill level 5 in Fighting
  2796 | D:4      | Found a runed translucent gate.
  2796 | D:4      | Found a runed translucent gate.
  2796 | D:4      | Found a runed translucent gate.
  2799 | D:4      | Noticed Tyrantos's ghost (amateur DrBr)
  2802 | D:4      | Identified the +4 dagger of Qulem {protect, Str+2 Int+2}
  2802 | D:4      | Identified the +2 leather armour "Zabli" {-Tele rF+++ rC+
                  | Stlth+}
  3087 | D:3      | Reached XP level 6. HP: 28/40 MP: 6/6
  3349 | D:4      | Reached skill level 6 in Fighting
  3670 | D:4      | Reached skill level 5 in Maces & Flails
  3820 | D:4      | Reached XP level 7. HP: 47/47 MP: 7/7
  4130 | D:5      | Entered Level 5 of the Dungeon
  4245 | D:5      | Reached skill level 7 in Fighting
  4906 | D:5      | Found a staircase to the Ecumenical Temple.
  4924 | D:5      | Identified the +2 leather armour of Weightlessness {Str+4}
  5130 | Temple   | Entered the Ecumenical Temple
  5130 | Temple   | Noticed a Brimstone Fiend
  5130 | Temple   | Noticed an orange demon
  5131 | Temple   | Noticed Xownafats the pandemonium lord
  5131 | Temple   | Noticed a hellwing
  5131 | Temple   | Noticed Vejiniy the pandemonium lord
  5132 | Temple   | Noticed a red devil
  5160 | Temple   | Noticed Jacudid the pandemonium lord
  5161 | Temple   | Noticed a chaos spawn
  5178 | Temple   | Noticed Ufyu the pandemonium lord
  5178 | Temple   | Noticed an Ice Fiend
  5178 | Temple   | Noticed a hellwing
  5179 | Temple   | Noticed an Executioner
  5186 | Temple   | Noticed an ice devil
  5191 | Temple   | Noticed Vigynlof the pandemonium lord
  5207 | Temple   | Noticed a hellion
  5207 | Temple   | Noticed Pyvy the pandemonium lord
  5252 | Temple   | Became a worshipper of Cheibriados the Contemplative
  5328 | D:6      | HP: 1/48 [ufetubus (4)]
  5330 | D:6      | Slain by an ogre

Illustrated notes

Levels and vault maps discovered:
D:1:      amcnicky_arrival_blooded_trapdoor, layout_basic,
          minmay_misc_feat_encased, skrybe_limestone_x, hex_large,
          hangedman_abyss_or_decor_lesser_grid
D:2:      layout_loops_cross, uniq_crazy_yiuf_cottage, uniq_jessica
D:3:      minmay_skewed_foursquare, layout_basic
D:4:      layout_basic, biasface_ghost_orc_armoury, serial_corexii_hall,
          corexii_hall_statues_i, corexii_hall_statues_l,
          minmay_misc_feat_columns, minmay_between
D:5:      layout_layer_cave, temple_statues
D:6:      layout_basic, gammafunk_ghost_necromancy
Temple:   nicolae_temple_panitentiary

Skill      XL: |  1  2  3  4  5  6  7 |
---------------+----------------------+-----
Fighting       | 4 5 6 7 |  7.3
Maces & Flails | 3 4 5 6 |  6.2
Armour         | |  3.7
Shields        | |  3.2

Action                   |  1- 3 |  4- 6 |  7- 9 || total
-------------------------+-------+-------+-------++-------
Melee: Flail             |    87 |   204 |    52 ||   343
       Morningstar       |       |       |    39 ||    39
Throw: Throwing net      |       |     1 |       ||     1
  Use: Scroll            |     1 |     8 |     3 ||    12
       Potion            |       |     1 |     2 ||     3
Armor: Scale mail        |    57 |   172 |    84 ||   313
       Skin              |     2 |       |       ||     2
Dodge: Dodged            |    43 |   121 |    69 ||   233
Block: Buckler           |    20 |    53 |    30 ||   103

Table legend: (Time is in decaauts)
 A = Elapsed time spent in this place.
 B = Non-inter-level travel time spent in this place.
 C = Inter-level travel time spent in this place.
 D = Time resting spent in this place.
 E = Time spent auto-exploring this place.
 F = Levels seen in this place.
 G = Mean time per level.
                   A        B        C        D        E       F      G
               +--------+--------+--------+--------+--------+-----+--------+
         Total |   5442 |   5028 |    414 |    628 |   3469 |   7 |  777.4 |
       Dungeon |   5299 |   4925 |    374 |    628 |   3387 |   6 |  883.2 |
        Temple |    143 |    103 |     40 |      0 |     82 |   1 |  143.0 |
               +--------+--------+--------+--------+--------+-----+--------+

Top non-repeatable levels by time:
     D:4: 1611 daAuts
     D:3: 1192 daAuts
     D:1: 849 daAuts
     D:2: 846 daAuts
     D:5: 783 daAuts
  Temple: 143 daAuts
     D:6: 16 daAuts
